 Dungeon Crawl Stone Soup version 0.26-a0-21-gf97e55dc39 (webtiles) character file.

Game seed: 7711981056062990866, levelgen mode: deterministic

146 Masnef the Ogre Mage (level 5, -3/45 HPs)
             Began as an Ogre Wizard on May 26, 2020.
             Killed from afar by an orc wizard (11 damage)
             ... with a puff of flame
             ... on level 5 of the Dungeon.
             The game lasted 00:07:48 (4052 turns).

Masnef the Ogre Mage (Ogre Wizard)                  Turns: 4052, Time: 00:07:49

Health: -3/45      AC:  3    Str: 11    XL:     5   Next: 28%
Magic:  2/10       EV: 10    Int: 20    God:
Gold:   109        SH:  0    Dex:  7    Spells: 3/11 levels left

rFire    . . .     SeeInvis .   s - +0 flail
rCold    . . .     Gourm    .   (no shield)
rNeg     . . .     Faith    .   a - +0 robe
rPois    .         Spirit   .   b - +0 hat
rElec    .         Reflect  .   (no cloak)
rCorr    .         Harm     .   (gloves unavailable)
MR       .....                  (boots unavailable)
Stlth    +.........             f - amulet of the acrobat
HPRegen  0.15/turn              (no ring)
MPRegen  0.12/turn              (no ring)

@: very slightly contaminated
A: large, unfitting armour, tough skin 1
a: no special abilities


You were on level 5 of the Dungeon.
You were not hungry.

You visited 1 branch of the dungeon, and saw 6 of its levels.

You collected 109 gold pieces.

Inventory:

Hand Weapons
 c - a +0 club
 g - a +0 whip
 s - a +0 flail (weapon)
Missiles
 j - 42 arrows
Armour
 a - a +0 robe (worn)
 b - a +0 hat (worn)
 u - a +2 buckler
Magical Staves
 n - an uncursed staff of cold
Jewellery
 f - an amulet of the acrobat (around neck)
 r - an uncursed ring of fire {unknown}
Scrolls
 i - 5 scrolls of remove curse {unknown}
 o - 3 scrolls of identify {unknown}
 p - a scroll of fog {unknown}
 q - a scroll of amnesia {unknown}
Potions
 e - a potion of might {unknown}
 h - a potion of heal wounds {unknown}
 k - 3 potions of curing
 l - a potion of resistance
 t - a potion of stabbing {unknown}
Comestibles
 d - 5 rations


   Skills:
 + Level 1.1 Maces & Flails
 - Level 1.7 Dodging
 - Level 1.4 Stealth
 - Level 3.8 Spellcasting
 * Level 3.3 Conjurations
 - Level 2.0 Summonings
 - Level 0.8 Translocations
 * Level 1.0 Poison Magic


You had 3 spell levels left.
You knew the following spells:

 Your Spells              Type           Power        Failure   Level  Hunger
a - Magic Dart            Conj           ###.         3%          1    None
b - Blink                 Tloc           N/A          14%         2    ##.....
c - Call Imp              Summ           ##......     9%          2    ##.....
d - Mephitic Cloud        Conj/Pois/Air  #.......     22%         3    ###....

Your spell library contained the following spells:

 Spells                   Type           Power        Failure   Level  Hunger
 Slow                     Hex            #.......     21%         2    ##.....
 Conjure Flame            Conj/Fire      ##......     21%         3    ###....


Dungeon Overview and Level Annotations

Branches:
Dungeon (6/15)
 Temple: D:4-7

Altars:
Sif Muna
Uskayaw


Innate Abilities, Weirdness & Mutations

You are too large for most types of armour.
You have tough skin. (AC +1)


Message History

You completely miss something.
You feel less confused. Something hits you but does no damage.
You barely miss something.
You hear some strange, mumbled words.
A magic dart appears from out of thin air!
The magic dart hits you.
You sock something! Something hits you but does no damage.
You completely miss something. Something hits you. x2
You closely miss something. Something hits you.
* * * LOW HITPOINT WARNING * * *
You miss something. Something hits you.
* * * LOW HITPOINT WARNING * * *
Something hits you.
* * * LOW HITPOINT WARNING * * *
You miss something.
You hear some strange, mumbled words.
A puff of flame appears from out of thin air!
The puff of flame hits you!
You die...

#.#.########
....!..@...#
#.######{..#
#.......$#
#.##.#####
#†......#
.)..#####
####.# .# <#


There were no monsters in sight!

Vanquished Creatures
  2 orc wizards (D:3)
  3 adders
  An ooze (D:3)
  2 dart slugs
  4 leopard geckos
  2 orcs (D:5)
  3 bats
  3 giant cockroaches (D:2)
  7 goblins
  8 hobgoblins
  A jackal (D:2)
  6 kobolds
  2 quokkas
  3 frilled lizards
  8 rats
55 creatures vanquished.

Vanquished Creatures (collateral kills)
  A worm (D:2)
  2 goblins (D:2)
  A hobgoblin (D:2)
  A kobold (D:2)
  A quokka (D:2)
6 creatures vanquished.

Grand Total: 61 creatures vanquished

Notes
Turn   | Place    | Note
-------+----------+-------------------------------------------
     0 | D:1      | Masnef the Ogre Wizard began the quest for the Orb.
     0 | D:1      | Reached XP level 1. HP: 16/16 MP: 5/5
   371 | D:1      | Reached skill level 1 in Conjurations
   797 | D:1      | Reached XP level 2. HP: 9/24 MP: 0/6
  1273 | D:1      | Learned a level 2 spell: Blink
  1276 | D:1      | Learned a level 2 spell: Call Imp
  1767 | D:2      | Reached skill level 1 in Summonings
  1773 | D:2      | Reached XP level 3. HP: 18/31 MP: 2/8
  2157 | D:2      | Learned a level 3 spell: Mephitic Cloud
  2818 | D:2      | You fall into a shaft and drop 2 floors!
  2832 | D:3      | Reached XP level 4. HP: 30/39 MP: 5/9
  3178 | D:3      | Found a shimmering blue altar of Sif Muna.
  3354 | D:3      | Reached skill level 1 in Maces & Flails
  3354 | D:3      | Reached XP level 5. HP: 36/45 MP: 6/10
  3660 | D:3      | Reached skill level 1 in Poison Magic
  3996 | D:3      | Found a hide-covered altar of Uskayaw.
  3996 | D:3      | Noticed a +0 hand axe
  3996 | D:3      | Noticed a +0 dagger
  4012 | D:3      | You fall into a shaft and drop 3 floors!
  4017 | D:5      | Entered Level 5 of the Dungeon
  4052 | D:5      | Killed from afar by an orc wizard

Illustrated notes

Levels and vault maps discovered:
D:1:      sevenhm_arrival_forest_fort_small_5, layout_basic
D:2:      layout_loops_ring, minmay_tall_x
D:3:      layout_basic, led_sif_book, dancing_weapons_uskayaw,
          lemuel_zombie_altar_yredelemnul, first_ration
D:4:      layout_loops_ring, lemuel_round_altar, minmay_misc_feat_room,
          cheibriados_altar_1, uniq_ijyb
D:5:      layout_basic, temple_green, st_stairs_6, uniq_sigmund
D:6:      layout_gridville, nicolae_ru_path_of_blood, overflow_temple_1_default,
          evilmike_ruin_ashenzari, uniq_blork_the_orc, uniq_menkaure

Skill      XL: |  1  2  3  4  5 |
---------------+----------------+-----
Conjurations   | 1 2 3 |  3.3
Summonings     | 1 2 |  2.0
Maces & Flails | 1 |  1.1
Poison Magic   | 1 |  1.0
Dodging        | |  1.7
Stealth        | |  1.4
Spellcasting   | |  3.8
Translocations | |  0.8

Action                   |  1- 3 |  4- 6 || total
-------------------------+-------+-------++-------
Melee: Unarmed           |    16 |       ||    16
       Club              |    22 |       ||    22
       Whip              |   100 |     3 ||   103
       Flail             |       |    20 ||    20
 Cast: Magic Dart        |    44 |    61 ||   105
       Call Imp          |     5 |     1 ||     6
  Use: Potion            |       |     1 ||     1
 Stab: Distracted        |     1 |       ||     1
       Sleeping          |     1 |       ||     1
  Eat: Chunk             |     6 |     4 ||    10
Armor: Robe              |    53 |     6 ||    59
Dodge: Dodged            |   166 |    18 ||   184

Table legend:
 A = Non-vault XP
 B = Vault XP
 C = Vault XP percentage of total XP
 D = Non-vault monster count
 E = Vault monster count
 F = Vault count percentage of total count
                 A         B        C        D         E       F
            +---------+---------+-------+---------+---------+-------
      Total |     146 |      63 |  30.1 |      55 |       6 |   9.8
            +---------+---------+-------+---------+---------+-------
        D:1 |      22 |       0 |   0.0 |      12 |       0 |   0.0
        D:2 |      60 |       8 |  11.8 |      25 |       4 |  13.8
        D:3 |      58 |      55 |  48.7 |      16 |       2 |  11.1
        D:5 |       6 |       0 |   0.0 |       2 |       0 |   0.0
            +---------+---------+-------+---------+---------+-------
